AoeStats
← Kulishaak

Arabia

507425243Analyzed
1v1 RM · 13d ago on Sep 18, 2026· 53m 5s· 2 players
Game mode
Random Map
Map size
Tiny (2 player)
Population
200
Speed
Normal
Resources
Standard
Victory
Conquest
Starting age
Dark Age
Ending age
Imperial Age
RankedLock teamsTeams togetherTeam positionsShared explorationLock speedFull tech treeHidden civsTurbo modeCheats
Victory
Defeat
🇨🇿 Armenians · Czechia
1112
+18
🇹🇼 Armenians · Taiwan
1158
-18
Kulishaak
0:27 Loom
10:01 Feudal Age
10:49 Double-Bit Axe
10:48 Man-at-Arms
14:46 Wheelbarrow
13:59 Arson
15:24 Scale Mail Armor
15:16 Long Swordsman
16:06 Horse Collar
19:48 Gold Mining
23:48 Castle Age
23:00 Fletching
23:39 Stone Mining
24:07 Forging
24:01 Padded Archer Armor
24:08 Two-Handed Swordsman
24:14 Elite Skirmisher
25:55 Bow Saw
25:41 Gambesons
26:35 Bodkin Arrow
29:17 Squires
28:38 Pikeman
35:39 Gold Shaft Mining
42:45 Hand Cart
42:20 Town Watch
46:05 Imperial Age
45:23 Ballistics
45:14 Masonry
44:34 Halberdier
46:23 Town Patrol
46:25 Capped Ram
47:44 Fereters
49:23 Bracer
49:40 Chain Mail Armor
49:01 Siege Ram
49:50 Champion
52:28 Plate Mail Armor
52:14 Leather Archer Armor
52:42 Block Printing
52:49 Heresy
52:35 Devotion
53:01 Illumination
spangopola
10:52 Feudal Age
10:56 Man-at-Arms
11:25 Double-Bit Axe
12:27 Long Swordsman
12:55 Loom
17:34 Scale Mail Armor
17:57 Arson
26:18 Castle Age
25:48 Forging
25:45 Scale Barding Armor
26:35 Wheelbarrow
26:28 Bloodlines
26:21 Crossbowman
28:18 Crossbowman
34:03 Wheelbarrow
33:49 Husbandry
35:45 Gold Mining
37:36 Hand Cart
41:35 Horse Collar
47:26 Imperial Age
45:27 Town Watch
45:50 Fletching
47:49 Iron Casting
47:28 Capped Ram
49:35 Cavalier
49:41 Siege Ram
50:52 Conscription
51:16 Gold Shaft Mining
Connection lost

Rejoining the realm…

Still unreachable

The connection could not be restored.

Session expired

The server has moved on; the page needs a fresh start.